| TOP OF THE 1ST |
|
Dayton Dragons batting - Pitching for Fort Wayne TinCaps : LHP Juan Perez
|
|
Pitching: LHP Juan Perez
|
|
|
Batting: RHB Jake Savell
|
0-0: Called Strike 0-1: Ball 1-1: Foul Ball, location: 2F 1-2: Ball 2-2: Strikes out swinging, 2-3 out at first.
|
|
Batting: LHB Leo Gomez
|
0-0: Swinging Strike 0-1: Foul Ball, location: 2F 0-2: Ball 1-2: Ground out 6-3 (Groundball, 4, EV 83.8 MPH)
|
|
Batting: RHB Mark Williams
|
0-0: Ball 1-0: Fly out, F8 (Line Drive, 8LS, EV 88.8 MPH)
|
| Top of the 1st over - 0 runs, 0 hits, 0 errors, 0 left on base; Dayton 0 - Fort Wayne 0 |
| BOTTOM OF THE 1ST |
|
Fort Wayne TinCaps batting - Pitching for Dayton Dragons : RHP Gil Villanueva
|
|
Pitching: RHP Gil Villanueva
|
|
|
Batting: SHB Detlef Oursler
|
0-0: Ball 1-0: Ground out 4-3 (Groundball, 4, EV 85.0 MPH)
|
|
Batting: LHB Tony Contreras
|
0-0: Ground out 4-3 (Groundball, 34, EV 101.9 MPH)
|
|
Batting: LHB Chad Cutler
|
0-0: Swinging Strike 0-1: Ball 1-1: Ball 2-1: SOLO HOME RUN (Flyball, 9LD, EV 97.5 MPH), Distance : 352 ft
|
|
Batting: RHB Dave Cordero
|
0-0: Ball 1-0: Ball 2-0: TRIPLE (Line Drive, 78XD, EV 110.0 MPH)
|
|
Batting: LHB Sean Trueblood
|
0-0: Ball 1-0: Foul Ball, location: 2F 1-1: Swinging Strike 1-2: Ball 2-2: Ground out 5-3 (Groundball, 56S, EV 88.1 MPH)
|
| Bottom of the 1st over - 1 run, 2 hits, 0 errors, 1 left on base; Dayton 0 - Fort Wayne 1 |
| TOP OF THE 2ND |
|
Dayton Dragons batting - Pitching for Fort Wayne TinCaps : LHP Juan Perez
|
|
Batting: RHB Chris Zamora
|
0-0: Ball 1-0: Ball 2-0: Ball 3-0: Foul Ball, location: 2F 3-1: Base on Balls
|
|
Batting: RHB Andy Bachman
|
0-0: Ball 1-0: Ball Passed Ball! Chris Zamora to second 2-0: Called Strike 2-1: Foul Ball, location: 2F 2-2: Foul Ball, location: 2F 2-2: Hit by Pitch
|
|
Batting: LHB Matt Kennedy
|
0-0: Called Strike 0-1: Ball 1-1: Foul Ball, location: 2F 1-2: Foul Ball, location: 2F 1-2: Ball 2-2: SINGLE (Groundball, 56D, EV 95.6 MPH) Chris Zamora to third Andy Bachman to second
|
|
Batting: RHB Ernie Maldonado
|
0-0: Swinging Strike 0-1: Foul Ball, location: 2F 0-2: Ball 1-2: Ball 2-2: Strikes out looking
|
|
Batting: LHB Chris Redhead
|
0-0: Foul Ball, location: 2F 0-1: Foul Ball, location: 2F 0-2: Ball 1-2: Ball 2-2: Fielders Choice at 2nd, 3-6 (Groundball, 34S, EV 92.5 MPH) Chris Zamora scores Andy Bachman to third
|
|
Batting: RHB Yutaka Sato
|
0-0: Ball 1-0: Ball 2-0: Called Strike 2-1: Ball 3-1: Base on Balls Chris Redhead to second
|
|
Batting: RHB Jake Savell
|
0-0: Ball 1-0: Ball 2-0: Called Strike 2-1: Ball 3-1: Base on Balls Andy Bachman scores Chris Redhead to third Yutaka Sato to second
|
|
Batting: LHB Leo Gomez
|
0-0: Ball 1-0: Called Strike 1-1: Foul Ball, location: 2F 1-2: Strikes out swinging
|
| Top of the 2nd over - 2 runs, 1 hit, 0 errors, 3 left on base; Dayton 2 - Fort Wayne 1 |
| BOTTOM OF THE 2ND |
|
Fort Wayne TinCaps batting - Pitching for Dayton Dragons : RHP Gil Villanueva
|
|
Batting: LHB Justin Alworth
|
0-0: Called Strike 0-1: Ball 1-1: Foul Ball, location: 2F 1-2: Ball 2-2: SOLO HOME RUN (Flyball, 78XD, EV 98.8 MPH), Distance : 396 ft
|
|
Batting: LHB Javy Portela
|
0-0: Ball 1-0: Foul Ball, location: 2F 1-1: Swinging Strike 1-2: Ball 2-2: Ground out 6-3 (Groundball, 6, EV 91.9 MPH)
|
|
Batting: LHB Ryan Anderson
|
0-0: Called Strike 0-1: Foul Ball, location: 2F 0-2: Ground out 4-3 (Groundball, 4, EV 102.5 MPH)
|
|
Batting: RHB Ricky Trejo
|
0-0: Ball 1-0: Called Strike 1-1: Swinging Strike 1-2: Ball 2-2: Ball 3-2: Foul Ball, location: 2F 3-2: Strikes out swinging
|
| Bottom of the 2nd over - 1 run, 1 hit, 0 errors, 0 left on base; Dayton 2 - Fort Wayne 2 |
| TOP OF THE 3RD |
|
Dayton Dragons batting - Pitching for Fort Wayne TinCaps : LHP Juan Perez
|
|
Batting: RHB Mark Williams
|
0-0: Fly out, F9 (Flyball, 9, EV 85.6 MPH)
|
|
Batting: RHB Chris Zamora
|
0-0: Called Strike 0-1: Ball 1-1: Ball 2-1: Ball 3-1: SINGLE (Groundball, 4MD, EV 101.9 MPH)
|
|
Batting: RHB Andy Bachman
|
0-0: Ball 1-0: Ball 2-0: Ball 3-0: Base on Balls Chris Zamora to second
|
|
Batting: LHB Matt Kennedy
|
0-0: Called Strike 0-1: Ball 1-1: Swinging Strike 1-2: Strikes out swinging
|
|
Batting: RHB Ernie Maldonado
|
0-0: Foul Ball, location: 2F 0-1: Foul Ball, location: 2F 0-2: Strikes out swinging
|
| Top of the 3rd over - 0 runs, 1 hit, 0 errors, 2 left on base; Dayton 2 - Fort Wayne 2 |
| BOTTOM OF THE 3RD |
|
Fort Wayne TinCaps batting - Pitching for Dayton Dragons : RHP Gil Villanueva
|
|
Batting: SHB Detlef Oursler
|
0-0: Ball 1-0: Bunt missed! 1-1: Swinging Strike 1-2: Ball 2-2: Ground out 5-3 (Groundball, 56, EV 97.5 MPH)
|
|
Batting: LHB Tony Contreras
|
0-0: Called Strike 0-1: Single, Error in OF, E8, batter to second base (Groundball, 6MD, EV 100.6 MPH)
|
|
Batting: LHB Chad Cutler
|
0-0: Called Strike 0-1: Swinging Strike 0-2: Strikes out looking
|
|
Batting: RHB Dave Cordero
|
0-0: SINGLE (Groundball, 6, EV 94.4 MPH) Tony Contreras to third
|
|
Batting: LHB Sean Trueblood
|
0-0: Ball 1-0: Ball 2-0: Called Strike 2-1: Foul Ball, location: 2F 2-2: Fly out, F9 (Flyball, 9D, EV 83.8 MPH)
|
| Bottom of the 3rd over - 0 runs, 2 hits, 1 error, 2 left on base; Dayton 2 - Fort Wayne 2 |
| TOP OF THE 4TH |
|
Dayton Dragons batting - Pitching for Fort Wayne TinCaps : LHP Juan Perez
|
|
Batting: LHB Chris Redhead
|
0-0: Called Strike 0-1: Foul Ball, location: 2F 0-2: SINGLE (Line Drive, 89S, EV 108.1 MPH)
|
|
Batting: RHB Yutaka Sato
|
0-0: Fly out, F4 (Line Drive, 4, EV 68.8 MPH)
|
|
Batting: RHB Jake Savell
|
0-0: Called Strike 0-1: Foul Ball, location: 2F 0-2: Ball 1-2: Foul Ball, location: 2F 1-2: Ball 2-2: Strikes out swinging
|
|
Batting: LHB Leo Gomez
|
0-0: SINGLE (Line Drive, 56, EV 105.6 MPH) Chris Redhead to second
|
|
Batting: RHB Mark Williams
|
0-0: Foul Ball, location: 2F 0-1: Ball 1-1: Ball 2-1: Swinging Strike 2-2: Foul Ball, location: 2F 2-2: Foul Ball, location: 7LSF, Error on foul ball, E7 2-2: Fielders Choice at 2nd, 6-4 (Groundball, 56, EV 85.6 MPH)
|
| Top of the 4th over - 0 runs, 2 hits, 1 error, 2 left on base; Dayton 2 - Fort Wayne 2 |
| BOTTOM OF THE 4TH |
|
Fort Wayne TinCaps batting - Pitching for Dayton Dragons : RHP Gil Villanueva
|
|
Batting: LHB Justin Alworth
|
0-0: Ball 1-0: Ground out 1-3 (Groundball, 15, EV 66.9 MPH)
|
|
Batting: LHB Javy Portela
|
0-0: Ball 1-0: Ball 2-0: Foul Ball, location: 2F 2-1: Ball 3-1: Foul Ball, location: 2F 3-2: Foul Ball, location: 2F 3-2: Ground out 4-3 (Groundball, 4, EV 82.5 MPH)
|
|
Batting: LHB Ryan Anderson
|
0-0: Ball 1-0: Called Strike 1-1: Ball 2-1: Foul Ball, location: 2F 2-2: Foul Ball, location: 2F 2-2: Ground out 6-3 (Groundball, 6, EV 90.6 MPH)
|
| Bottom of the 4th over - 0 runs, 0 hits, 0 errors, 0 left on base; Dayton 2 - Fort Wayne 2 |
| TOP OF THE 5TH |
|
Dayton Dragons batting - Pitching for Fort Wayne TinCaps : LHP Juan Perez
|
|
Batting: RHB Chris Zamora
|
0-0: Ground out 6-3 (Groundball, 6, EV 91.2 MPH)
|
|
Batting: RHB Andy Bachman
|
0-0: Swinging Strike 0-1: Ball 1-1: Called Strike 1-2: Strikes out swinging
|
|
Batting: LHB Matt Kennedy
|
0-0: Fly out, F8 (Flyball, 8RD, EV 98.1 MPH)
|
| Top of the 5th over - 0 runs, 0 hits, 0 errors, 0 left on base; Dayton 2 - Fort Wayne 2 |
| BOTTOM OF THE 5TH |
|
Fort Wayne TinCaps batting - Pitching for Dayton Dragons : RHP Gil Villanueva
|
|
Batting: RHB Ricky Trejo
|
0-0: Foul Ball, location: 2F 0-1: Ball 1-1: Foul Ball, location: 2F 1-2: DOUBLE (Groundball, 5L, EV 103.8 MPH)
|
|
Batting: SHB Detlef Oursler
|
0-0: Ground out 5-3 (Groundball, 56, EV 89.4 MPH)
|
|
Batting: LHB Tony Contreras
|
0-0: Called Strike 0-1: Called Strike 0-2: Ball Passed Ball! Ricky Trejo to third 1-2: Foul Ball, location: 2F 1-2: Strikes out looking
|
|
Batting: LHB Chad Cutler
|
0-0: Ball 1-0: Called Strike 1-1: Swinging Strike 1-2: Foul Ball, location: 2F 1-2: Ball 2-2: Strikes out swinging
|
| Bottom of the 5th over - 0 runs, 1 hit, 0 errors, 1 left on base; Dayton 2 - Fort Wayne 2 |
| TOP OF THE 6TH |
|
Dayton Dragons batting - Pitching for Fort Wayne TinCaps : LHP Juan Perez
|
|
Pitching: RHP Juan Isidro
|
|
|
Batting: RHB Ernie Maldonado
|
0-0: Called Strike 0-1: Ground out 5-3 (Groundball, 56S, EV 81.9 MPH)
|
|
Pitching: LHP David Hoch
|
|
|
Batting: LHB Chris Redhead
|
0-0: Swinging Strike 0-1: Called Strike 0-2: Ball 1-2: Strikes out looking
|
|
Batting: RHB Yutaka Sato
|
0-0: Called Strike 0-1: Ball 1-1: Swinging Strike 1-2: Ball 2-2: SINGLE (Groundball, 56S, EV 70.0 MPH) (infield hit)
|
|
Batting: RHB Jake Savell
|
0-0: Ball 1-0: Called Strike 1-1: Called Strike 1-2: Ball 2-2: Ball 3-2: Base on Balls Yutaka Sato to second
|
|
Pinch Runner at 2nd Jeremy Robertson:
|
|
|
Batting: LHB Leo Gomez
|
0-0: Called Strike 0-1: Foul Ball, location: 2F 0-2: Ball 1-2: Strikes out swinging
|
| Top of the 6th over - 0 runs, 1 hit, 0 errors, 2 left on base; Dayton 2 - Fort Wayne 2 |
| BOTTOM OF THE 6TH |
|
Fort Wayne TinCaps batting - Pitching for Dayton Dragons : RHP Gil Villanueva
|
|
Now at SS: Juan Zamora
|
|
|
Batting: RHB Dave Cordero
|
0-0: Called Strike 0-1: Ball 1-1: Called Strike 1-2: Ball 2-2: Ball 3-2: Ground out 6-3 (Groundball, 6, EV 84.4 MPH)
|
|
Batting: LHB Sean Trueblood
|
0-0: Ball 1-0: Called Strike 1-1: Foul Ball, location: 2F 1-2: Ball 2-2: SINGLE (Groundball, 6D, EV 96.2 MPH)
|
|
Batting: LHB Justin Alworth
|
0-0: Ball 1-0: Called Strike 1-1: Fielders Choice at 2nd, 6-4 (Groundball, 56, EV 101.9 MPH)
|
|
Pitching: RHP Brian Trejo
|
|
|
Batting: LHB Javy Portela
|
0-0: Called Strike 0-1: Ball 1-1: Ball 2-1: Foul Ball, location: 2F 2-2: Strikes out swinging wild pitch, reaches first! Justin Alworth to second
|
|
Pinch Runner at 2nd Marcus Dawson:
|
|
|
Batting: LHB Ryan Anderson
|
0-0: Swinging Strike 0-1: Ball 1-1: Ball 2-1: Swinging Strike 2-2: Ground out 4-3 (Groundball, 4, EV 105.6 MPH)
|
| Bottom of the 6th over - 0 runs, 1 hit, 0 errors, 2 left on base; Dayton 2 - Fort Wayne 2 |
| TOP OF THE 7TH |
|
Dayton Dragons batting - Pitching for Fort Wayne TinCaps : LHP David Hoch
|
|
Pitching: RHP Ubbe Dekker
|
|
|
Now in LF: Adrian Cook
|
|
|
Batting: RHB Mark Williams
|
0-0: Ball 1-0: Ball 2-0: Foul Ball, location: 2F 2-1: SINGLE (Line Drive, 6M, EV 96.9 MPH)
|
|
Batting: RHB Chris Zamora
|
0-0: Called Strike 0-1: Ball 1-1: Swinging Strike 1-2: Ball 2-2: Grounds into double play, 5-4-3 (Groundball, 5, EV 81.9 MPH)
|
|
Batting: RHB Andy Bachman
|
0-0: Ball 1-0: Ball 2-0: Foul Ball, location: 2F 2-1: Foul Ball, location: 2F 2-2: Strikes out swinging
|
| Top of the 7th over - 0 runs, 1 hit, 0 errors, 0 left on base; Dayton 2 - Fort Wayne 2 |
| BOTTOM OF THE 7TH |
|
Fort Wayne TinCaps batting - Pitching for Dayton Dragons : RHP Brian Trejo
|
|
Batting: RHB Ricky Trejo
|
0-0: Ball 1-0: Called Strike 1-1: Ground out 5-3 (Groundball, 56, EV 85.6 MPH)
|
|
Batting: SHB Detlef Oursler
|
0-0: Ball 1-0: Ball 2-0: Called Strike 2-1: Foul Ball, location: 2F 2-2: Ball 3-2: Base on Balls
|
|
Batting: LHB Tony Contreras
|
0-0: Ball Detlef Oursler steals 2nd base 1-0: Called Strike 1-1: Swinging Strike 1-2: Strikes out swinging
|
|
Batting: LHB Chad Cutler
|
0-0: Called Strike 0-1: Swinging Strike 0-2: Strikes out swinging
|
| Bottom of the 7th over - 0 runs, 0 hits, 0 errors, 1 left on base; Dayton 2 - Fort Wayne 2 |
| TOP OF THE 8TH |
|
Dayton Dragons batting - Pitching for Fort Wayne TinCaps : RHP Ubbe Dekker
|
|
Pitching: RHP Phil Holmes
|
|
|
Batting: LHB Matt Kennedy
|
0-0: Swinging Strike 0-1: Ball 1-1: Called Strike 1-2: Ball 2-2: Ball 3-2: Foul Ball, location: 2F 3-2: Base on Balls
|
|
Batting: RHB Ernie Maldonado
|
0-0: Bunt missed! 0-1: Sac Bunt to 3S - play at first, batter OUT! 3-4 Matt Kennedy to second
|
|
Batting: LHB Chris Redhead
|
0-0: Intentional Walk
|
|
Batting: RHB Juan Zamora
|
0-0: Ball 1-0: Bunted foul 1-1: Bunted foul 1-2: Ground out U3 (Groundball, 3, EV 84.4 MPH) Matt Kennedy to third Chris Redhead to second
|
|
Batting: RHB Jake Savell
|
0-0: Fly out, F7 (Flyball, 7S, EV 83.1 MPH)
|
| Top of the 8th over - 0 runs, 0 hits, 0 errors, 2 left on base; Dayton 2 - Fort Wayne 2 |
| BOTTOM OF THE 8TH |
|
Fort Wayne TinCaps batting - Pitching for Dayton Dragons : RHP Brian Trejo
|
|
Batting: RHB Dave Cordero
|
0-0: Ball 1-0: Swinging Strike 1-1: Ball 2-1: DOUBLE (Groundball, 5L, EV 108.8 MPH)
|
|
Batting: LHB Sean Trueblood
|
0-0: Intentional Walk
|
|
Pinch Hitting: SHB Cesar Arteaga
|
0-0: Ball 1-0: Foul Ball, location: 2F 1-1: SINGLE (Groundball, 6MD, EV 108.1 MPH) Dave Cordero to third Sean Trueblood to second
|
|
Batting: LHB Javy Portela
|
0-0: Fly out, F8 (Line Drive, 8RD, EV 94.4 MPH)
|
|
Batting: LHB Ryan Anderson
|
0-0: Swinging Strike 0-1: Foul Ball, location: 2F 0-2: Foul Ball, location: 2F 0-2: Fly out, F7 (Flyball, 7D, EV 90.6 MPH) Runner from 3rd tags up, OUT at HOME! 7-2
|
| Bottom of the 8th over - 0 runs, 2 hits, 0 errors, 2 left on base; Dayton 2 - Fort Wayne 2 |
| TOP OF THE 9TH |
|
Dayton Dragons batting - Pitching for Fort Wayne TinCaps : RHP Phil Holmes
|
|
Pitching: RHP Mike Swenson
|
|
|
Now in LF: Chad Cutler
|
|
|
Now in CF: Danny Gallegos
|
|
|
Batting: LHB Leo Gomez
|
0-0: Called Strike 0-1: Foul Ball, location: 2F 0-2: Ground out 4-3 (Groundball, 34D, EV 83.1 MPH)
|
|
Batting: RHB Mark Williams
|
0-0: Called Strike 0-1: Fly out, F7 (Flyball, 7, EV 86.9 MPH)
|
|
Batting: RHB Chris Zamora
|
0-0: Called Strike 0-1: SINGLE (Line Drive, 89S, EV 103.1 MPH)
|
|
Batting: RHB Andy Bachman
|
0-0: Foul Ball, location: 2F 0-1: Foul Ball, location: 2F 0-2: Ball 1-2: Strikes out looking
|
| Top of the 9th over - 0 runs, 1 hit, 0 errors, 1 left on base; Dayton 2 - Fort Wayne 2 |
| BOTTOM OF THE 9TH |
|
Fort Wayne TinCaps batting - Pitching for Dayton Dragons : RHP Brian Trejo
|
|
Pitching: RHP Ken Armstrong
|
|
|
Batting: RHB Ricky Trejo
|
0-0: Foul Ball, location: 2F 0-1: Swinging Strike 0-2: Ball 1-2: Ball 2-2: SINGLE (Groundball, 4M, EV 101.9 MPH) (infield hit)
|
|
Batting: SHB Detlef Oursler
|
0-0: Ball 1-0: Called Strike 1-1: Bunt missed! 1-2: Strikes out swinging
|
|
Batting: LHB Tony Contreras
|
0-0: Called Strike 0-1: Ball 1-1: Fielders Choice at 2nd, 5-4 (Groundball, 56, EV 102.5 MPH)
|
|
Batting: LHB Chad Cutler
|
0-0: Foul Ball, location: 2F 0-1: Ball 1-1: Ball 2-1: Ball 3-1: Fly out, F7 (Flyball, 78M, EV 81.9 MPH)
|
| Bottom of the 9th over - 0 runs, 1 hit, 0 errors, 1 left on base; Dayton 2 - Fort Wayne 2 |
| TOP OF THE 10TH |
|
Dayton Dragons batting - Pitching for Fort Wayne TinCaps : RHP Mike Swenson
|
|
Batting: LHB Matt Kennedy
|
0-0: Swinging Strike 0-1: Ball 1-1: Ball 2-1: SINGLE (Groundball, 4MD, EV 110.0 MPH)
|
|
Batting: RHB Ernie Maldonado
|
0-0: Ball 1-0: Bunted foul 1-1: Bunt missed! 1-2: Ball 2-2: Ball 3-2: Strikes out swinging
|
|
Batting: LHB Chris Redhead
|
0-0: Ball 1-0: Ball 2-0: Swinging Strike 2-1: Foul Ball, location: 2F 2-2: Ball 3-2: Ground out 5-3 (Groundball, 56S, EV 65.6 MPH) Matt Kennedy to second
|
|
Batting: RHB Juan Zamora
|
0-0: Called Strike 0-1: SINGLE (Line Drive, 8RS, EV 107.5 MPH) Matt Kennedy to third
|
|
Batting: RHB Jake Savell
|
0-0: Ball 1-0: Ball 2-0: Fly out, F4 (Popup, 4S, EV 68.8 MPH)
|
| Top of the 10th over - 0 runs, 2 hits, 0 errors, 2 left on base; Dayton 2 - Fort Wayne 2 |
| BOTTOM OF THE 10TH |
|
Fort Wayne TinCaps batting - Pitching for Dayton Dragons : RHP Ken Armstrong
|
|
Pitching: RHP Juan Hernandez
|
|
|
Batting: RHB Dave Cordero
|
0-0: Called Strike 0-1: Foul Ball, location: 2F 0-2: DOUBLE (Line Drive, 7LM, EV 106.9 MPH)
|
|
Batting: LHB Sean Trueblood
|
0-0: Intentional Walk
|
|
Batting: RHB Danny Gallegos
|
0-0: Ball 1-0: Called Strike 1-1: Ball 2-1: Ball 3-1: Base on Balls Dave Cordero to third Sean Trueblood to second
|
|
Batting: LHB Javy Portela
|
0-0: Called Strike 0-1: Ball 1-1: Ball 2-1: Ball 3-1: Fly out, F7 (Flyball, 7LS, EV 86.2 MPH)
|
|
Batting: LHB Ryan Anderson
|
0-0: Ball 1-0: Ball 2-0: Called Strike 2-1: Foul Ball, location: 2F 2-2: Foul Ball, location: 2F 2-2: Strikes out swinging
|
|
Batting: RHB Ricky Trejo
|
0-0: Ball 1-0: Foul Ball, location: 2F 1-1: SINGLE (Groundball, 5D, EV 108.1 MPH) Dave Cordero scores
|
| Bottom of the 10th over - 1 run, 2 hits, 0 errors, 2 left on base; Dayton 2 - Fort Wayne 3 |
|